 Dungeon Sprint DCSS version 0.21.1-1-g345015f (webtiles) character file.

11068198 wojtek the Axe Maniac (level 18, 109/149 (160) HPs)
             Began as a Minotaur Berserker on Mar 13, 2018.
             Was the Champion of Trog.
             Escaped with the Orb
             ... and 5 runes!
             The game lasted 01:08:10 (14870 turns).

wojtek the Axe Maniac (Minotaur Berserker)         Turns: 14870, Time: 01:08:10

HP:   109/149 (160) AC: 43    Str: 23    XL:     18   Next: 61%
MP:   11/11         EV: 26    Int: 13    God:    Trog [******]
Gold: 3434          SH:  0    Dex: 17    Spells: 17/17 levels left

rFire    + + +     SeeInvis .   n - +11 broad axe of Emeciyli {antimagic, +Rage rF+}
rCold    + + .     Gourm    .   (no shield)
rNeg     + + .     Faith    .   t - +11 chain mail of Kaoxt {rPois rF+ MR++ Regen+ Dex-4}
rPois    +         Spirit   .   v - +2 hat {MR+}
rElec    +         Reflect  .   C - +4 dragonskin cloak
rCorr    .         Harm     .   h - +0 pair of fencer's gloves {+Riposte Dex+3}
MR       +++++     Clarity  +   I - +0 pair of boots "Zehown" {Regen+ Str-3 Dex+8} Stlth +.........NoTele +
                                Z - amulet of the Four Winds {rN+ MR+++ Clar}
HPRegen  1.14/turn              D - ring of the Sneaky Songs {rF+ Int+9}
MPRegen  0.12/turn              U - ring "Zimebus" {rC+ Slay+5}

@: mildly poisoned (109 -> 109), heavily contaminated, glowing, drained
A: retaliatory headbutt, horns 2, thin metallic scales 1, berserk 1, blurry
vision 1, clumsy 1, frail 2, screaming 1, weak 1, subdued magic 1, MP-powered
wands
0: Orb of Zot
}: 5/10 runes: serpentine, barnacled, silver, golden, obsidian
a: Berserk, Trog's Hand, Brothers in Arms, Burn Spellbooks, Renounce Religion,
Evoke Berserk Rage


You escaped.
You worshipped Trog.
Trog was exalted by your worship.
You were not hungry.

You visited 1 branch You collected 7779 gold pieces.
You spent 4345 gold pieces at shops.

Inventory:

Hand Weapons
 a - the +12 battleaxe "Fotsur" {chop, Str+4}
   (Trog gifted it to you in the Dungeon)

   It inflicts extra damage upon your enemies.
   It affects your strength (+4).
 b - the +4 battleaxe of Currency {drain, +Blink MR+++ Str+3 Dex-5}
   (Trog gifted it to you in the Dungeon)

   A truly terrible weapon, it drains the life of those it strikes.
   It affects your strength (+3).
   It affects your dexterity (-5).
   It affects your resistance to hostile enchantments.
   It lets you blink.
 n - the +11 broad axe of Emeciyli (weapon) {antimagic, +Rage rF+}
   (You found it in the Dungeon)

   It reduces the magical energy of the wielder, and disrupts the spells and
   magical abilities of those hit.
   Natural abilities and divine invocations are not affected.
   It protects you from fire.
   It lets you go berserk.
 s - a +3 executioner's axe of freezing
 u - a +8 antimagic executioner's axe
 x - the +4 battleaxe of Altruism {speed, rC+ Str+2 Stlth+}
   (Trog gifted it to you in the Dungeon)

   Attacks with this weapon are significantly faster.
   It affects your strength (+2).
   It protects you from cold.
   It makes you more stealthy.
 z - a +7 executioner's axe of flaming
Missiles
 P - 11 throwing nets (quivered)
Armour
 h - the +0 pair of fencer's gloves (worn) {+Riposte Dex+3}
   (You acquired it in the Dungeon)

   It affects your dexterity (+3).
 t - the +11 chain mail of Kaoxt (worn) {rPois rF+ MR++ Regen+ Dex-4}
   (You took it off a mummy priest in the Dungeon)

   It affects your dexterity (-4).
   It protects you from fire.
   It protects you from poison.
   It affects your resistance to hostile enchantments.
   It increases your rate of regeneration.
 v - a +2 hat of magic resistance (worn)
 C - the +4 dragonskin cloak (worn)
   (You took it off Tiamat in the Dungeon)
 I - the +0 pair of boots "Zehown" (worn) {Regen+ Str-3 Dex+8}
   (You bought it in a shop in the Dungeon)

   It affects your strength (-3).
   It affects your dexterity (+8).
   It increases your rate of regeneration.
 L - a scarf of repulsion
Jewellery
 j - the ring of Leasheb {EV+4 Int+4 SInv}
   (You found it in the Dungeon)

   [ring of evasion]

   It affects your evasion (+4).
   It affects your intelligence (+4).
   It lets you see invisible.
 y - the ring "Senuc" {rPois Dex+10 Slay+2}
   (You acquired it in the Dungeon)

   [ring of poison resistance]

   It affects your dexterity (+10).
   It affects your accuracy and damage with ranged weapons and melee attacks
   (+2).
   It protects you from poison.
 D - the ring of the Sneaky Songs (left hand) {rF+ Int+9}
   (You took it off a deep elf annihilator in the Dungeon)

   [ring of protection from fire]

   It affects your intelligence (+9).
   It protects you from fire.
 J - the ring "Bytyacw" {+Fly rN+ Slay+3}
   (You found it in the Dungeon)

   [ring of slaying]

   It affects your accuracy and damage with ranged weapons and melee attacks
   (+3).
   It protects you from negative energy.
   It lets you fly.
 O - an uncursed ring of protection from fire
 Q - the ring of Zick {AC+5 Dex+2 SInv}
   (You found it in the Dungeon)

   [ring of protection]

   It affects your AC (+5).
   It affects your dexterity (+2).
   It lets you see invisible.
 R - an uncursed ring of ice
 U - the ring "Zimebus" (right hand) {rC+ Slay+5}
   (You found it in the Dungeon)

   [ring of protection from cold]

   It affects your accuracy and damage with ranged weapons and melee attacks
   (+5).
   It protects you from cold.
 X - an uncursed ring of flight
 Z - the amulet of the Four Winds (around neck) {rN+ MR+++ Clar}
   (You bought it in a shop in the Dungeon)

   [amulet of nothing]

   It protects you from negative energy.
   It affects your resistance to hostile enchantments.
   It protects you against confusion.
Wands
 E - a wand of iceblast (8)
 H - a wand of acid (9)
 N - a wand of clouds (5)
 Y - a wand of digging (27)
Scrolls
 i - 3 scrolls of blinking
 k - 7 scrolls of enchant weapon
 m - a scroll of holy word {unknown}
 o - a scroll of acquirement
 p - a scroll of immolation {unknown}
 q - 4 scrolls of amnesia {unknown}
 w - 4 scrolls of identify
 G - 2 scrolls of silence {unknown}
 S - 3 scrolls of remove curse
 T - 2 scrolls of fog
 W - 2 scrolls of enchant armour {unknown}
Potions
 d - 6 potions of curing
 e - 3 potions of heal wounds
 f - 2 potions of haste
 g - 2 potions of magic
 l - 5 potions of mutation
 r - 2 potions of resistance
 B - a potion of cancellation
 F - 2 potions of invisibility
 K - 2 potions of might
Miscellaneous
 M - a lightning rod (4/4)
 V - a fan of gales
Comestibles
 c - 7 rations


   Skills:
 O Level 27(26.6) Fighting
 O Level 27(26.6) Axes
 O Level 27(26.6) Armour
 O Level 27(26.6) Dodging
 + Level 21.3(20.9) Stealth
 O Level 27(26.6) Evocations


You had 17 spell levels left.
You didn't know any spells.

Dungeon Overview and Level Annotations

Branches:
Dungeon (1/1)

Altars:
Cheibriados
Dithmenos
Elyvilon
Fedhas
Gozag
Hepliaklqana
Kikubaaqudgha
Makhleb
Nemelex Xobeh
Okawaru
Qazlal
Ru
Sif Muna
Trog
Uskayaw
Vehumet
Wu Jian
Xom
Yredelemnul
Zin
The Shining One
Beogh
Jiyva
Lugonu

Shops:
D [=??(=?}[}!%}:=(:[*%[}!?

Annotations:
D exclusion: door


Innate Abilities, Weirdness & Mutations

You reflexively headbutt those who attack you in melee.
You have a pair of horns on your head.
You are partially covered in thin metallic scales. (AC +2)
You tend to lose your temper in combat.
Scrolls take you a little longer to read.
You are clumsy. (Dex -2)
You are very frail. (-20% HP)
You occasionally shout uncontrollably at your foes.
You are weak. (Str -2)
Your spells are a little easier to cast, but a little less powerful.
You expend magic power (3 MP) to strengthen your wands.


Message History

The Tzitzimitl bites you but does no damage.
Something hits you!!
Your cyclops hits something!
You feel sick.
The Tzitzimitl engulfs you but does no damage.
The Tzitzimitl bites you but does no damage.
You feel sick.
The Tzitzimitl falters for a moment.
You feel sick.
The Tzitzimitl falters for a moment.
Something hits you but does no damage.
There is an open door here.
A poison arrow appears from out of thin air!
The poison arrow misses you.
You feel yourself speed up.
You feel sick. The Tzitzimitl gestures at you.
The bolt of negative energy hits something.
The bolt of negative energy hits you! You partially resist.
You feel drained. Something hits you but does no damage.
There is a staircase leading out of the dungeon here.
Something hits you but does no damage.
You have escaped!

▓▓▓▓▓▓▓▓▓▓▓ ▓▓
▓@.#..'...♣♣ ♣.
▓..#..#....♣♣ ♣.
▓#'####.....♣♣ ♣♣.
▓..1..#....≈.♣ ♣..
▓.....#...≈≈♣♣♣♣..
▓.....#..≈≈≈≈..♣..
▓####'#..≈≈≈≈≈≈.♣.
▓...C.#.≈≈≈≈≈≈....
▓.....#.≈≈≈≈≈.....


You could see a Tzitzimitl.

Vanquished Creatures
  the Serpent of Hell (D)
  Mennas (D)
  An orb of fire (D)
  Mara (D)
  Tiamat (D)
  2 ancient liches (D)
  Boris (D)
  2 greater mummies (D)
  Frederick (D)
  A Killer Klown (D)
  Geryon (D)
  Nikola (D)
  3 golden dragons (D)
  2 liches (D)
  2 Brimstone Fiends (D)
  2 pandemonium lords (D)
  Rupert (D)
  A Hell Sentinel (D)
  A quicksilver dragon (D)
  2 Orb Guardians (D)
  3 deep elf blademasters (D)
  An Executioner (D)
  A deep elf master archer (D)
  An ancient champion (D)
  A kraken (D)
  Gastronok (D)
  2 sphinxes (D)
  Chuck (D)
  Roxanne (D)
  2 storm dragons (D)
  Dowan (D)
  4 shadow dragons (D)
  A nagaraja (D)
  A frost giant (D)
  2 draconian knights (D)
  2 fire giants (D)
  2 draconian shifters (D)
  An angel (D)
  2 draconian stormcallers (D)
  3 stone giants (D)
  2 vampire knights (D)
  4 deep elf annihilators (D)
  Nessos (D)
  2 dire elephants (D)
  11 mummy priests (D)
  A fire dragon (D)
  Erolcha (D)
  2 yaktaur captains (D)
  2 deep elf high priests (D)
  16 vault guards (D)
  A naga warrior (D)
  2 hell beasts (D)
  2 hydras (D)
  An ogre mage (D)
  2 centaur warriors (D)
  4 dancing weapons (D)
  3 alligator snapping turtles (D)
  5 anacondas (D)
  4 death yaks (D)
  Urug (D)
  A titan zombie (D)
  4 deep elf knights (D)
  2 soul eaters (D)
  2 sun demons (D)
  A shadow wraith (D)
  8 skeletal warriors (D)
  A spriggan druid (D)
  A death drake (D)
  A golden dragon zombie (D)
  2 obsidian statues (D)
  A lindwurm (shapeshifter) (D)
  A lindwurm (D)
  An orc knight (D)
  A mana viper (shapeshifter) (D)
  A cyclops (shapeshifter) (D)
  3 crystal guardians (D)
  2 oklob plants (D)
  6 ugly things (D)
  2 elephants (D)
  3 deep elf magi (D)
  A moth of wrath (D)
  2 iron troll simulacra (D)
  A stone giant skeleton (D)
  A water nymph (shapeshifter) (D)
  A rust devil (D)
  6 black mambas (D)
  An orange demon (D)
  9 statues (D)
  A guardian serpent (D)
  Duvessa (D)
  2 spiny frogs (D)
  A komodo dragon (D)
  2 ice devils (D)
  A rime drake (D)
  8 yaktaurs (D)
  A red devil (D)
  17 guardian mummies (D)
  2 hellwings (D)
  A queen bee (D)
  A merfolk (shapeshifter) (D)
  4 spriggan defenders (D)
  2 tyrant leeches (D)
  3 hornets (D)
  An orc high priest (D)
  5 slime creatures (D)
  A slime creature (shapeshifter) (D)
  8 blink frogs (D)
  3 snapping turtles (D)
  3 wandering mushrooms (D)
  5 redbacks (D)
  A shadow (D)
  2 spriggans (D)
  2 nagas (D)
  A spatial vortex (D)
  3 hydra simulacra (D)
  3 water moccasins (D)
  A swamp drake (D)
  A necrophage (D)
  A fire dragon simulacrum (D)
  5 two-headed ogres (D)
  A water elemental (D)
  A scorpion (D)
  32 killer bees (D)
  7 electric eels (D)
  3 orc priests (D)
  An orc wizard (D)
  A jelly (D)
  A wizard (D)
  An iron imp (D)
  A necromancer (D)
  A polar bear simulacrum (D)
  2 wolf simulacra (D)
  3 humans (D)
  A kobold demonologist (D)
  An adder (D)
  An ooze (D)
  5 orcs (D)
  3 rats (D)
  2 ballistomycetes (D)
  A butterfly (D)
  12 plants (D)
  A tentacle (D)
369 creatures vanquished.

Vanquished Creatures (collateral kills)
  A yellow draconian (D)
  An orc high priest (D)
  A glowing orange brain (D)
  A crystal guardian (D)
  A shining eye (D)
  A molten gargoyle (D)
  A hellwing (D)
  A golden eye (D)
  A floating eye (D)
  2 orc warriors (D)
  An orc priest (D)
  2 orc wizards (D)
  3 orcs (D)
17 creatures vanquished.

Vanquished Creatures (others)
  A pandemonium lord (D)
  2 draconian scorchers (D)
  3 hell hogs (D)
  A deep elf knight (D)
  3 yaktaurs (D)
  6 hellions (D)
  An ice devil (D)
  A small abomination (D)
  2 orc priests (D)
  An orc wizard (D)
  4 ball lightnings (D)
  2 ballistomycetes (D)
  4 ballistomycete spores (D)
  2 bushes (D)
  25 plants (D)
  7 tentacles (D)
65 creatures vanquished.

Grand Total: 451 creatures vanquished

Notes
Turn   | Place    | Note
-------+----------+-------------------------------------------
     0 | D        | wojtek the Minotaur Berserker began the quest for the Orb.
     0 | D        | Reached XP level 1. HP: 19/19 MP: 0/0
    24 | D        | Killed a yaktaur
    38 | D        | Reached ** piety under Trog
    82 | D        | Killed a hellion
    82 | D        | Killed a hellion
   104 | D        | Killed a hellion
   125 | D        | Killed a hellion
   135 | D        | Killed a hellion
   154 | D        | Reached skill level 5 in Axes
   154 | D        | Reached XP level 2. HP: 28/28 MP: 1/1
   174 | D        | Killed a white draconian scorcher
   198 | D        | Noticed a scorpion
   209 | D        | Killed a scorpion
   209 | D        | Reached skill level 5 in Fighting
   209 | D        | Reached XP level 3. HP: 25/36 MP: 2/2
   209 | D        | Reached XP level 4. HP: 29/42 MP: 3/3
   210 | D        | Killed a white draconian scorcher
   241 | D        | Killed a hellion
   293 | D        | Noticed a water elemental
   297 | D        | Killed a water elemental
   297 | D        | Reached *** piety under Trog
   297 | D        | Reached skill level 5 in Armour
   297 | D        | Reached skill level 5 in Dodging
   433 | D        | Found a radiant altar of Vehumet.
   434 | D        | Noticed a wizard
   434 | D        | Found a deep blue altar of Sif Muna.
   434 | D        | Found an ancient bone altar of Kikubaaqudgha.
   436 | D        | Reached XP level 5. HP: 41/51 MP: 4/4
   512 | D        | Found a glowing silver altar of Zin.
   513 | D        | Found a glowing golden altar of the Shining One.
   513 | D        | Found a white marble altar of Elyvilon.
   513 | D        | Noticed a deep elf mage
   527 | D        | Killed a deep elf mage
   527 | D        | Reached **** piety under Trog
   527 | D        | Reached XP level 6. HP: 56/63 MP: 5/5
   527 | D        | Reached XP level 7. HP: 62/70 MP: 6/6
   537 | D        | Found a hide-covered altar of Uskayaw.
   537 | D        | Found an iron altar of Okawaru.
   538 | D        | Found a roughly hewn altar of Beogh.
   538 | D        | Found a bloodstained altar of Trog.
   538 | D        | Found an ornate altar of the Wu Jian Council.
   538 | D        | Noticed a human
   538 | D        | Noticed a human
   552 | D        | Killed a human
   553 | D        | Reached ***** piety under Trog
   554 | D        | Killed a human
   708 | D        | Found a shadowy altar of Dithmenos.
   716 | D        | Found a basalt altar of Yredelemnul.
   716 | D        | Found a sacrificial altar of Ru.
   782 | D        | Noticed a shadow
   787 | D        | Killed a shadow
   787 | D        | Reached skill level 10 in Fighting
   787 | D        | Reached XP level 8. HP: 74/79 MP: 7/7
   797 | D        | Found a blossoming altar of Fedhas.
   797 | D        | Found a stormy altar of Qazlal.
   798 | D        | Found a snail-covered altar of Cheibriados.
   798 | D        | Found a burning altar of Makhleb.
   798 | D        | Found a hazy altar of Hepliaklqana.
   798 | D        | Found a shimmering altar of Xom.
   798 | D        | Found an opulent altar of Gozag.
   798 | D        | Found a sparkling altar of Nemelex Xobeh.
   798 | D        | Found a corrupted altar of Lugonu.
   798 | D        | Found a viscous altar of Jiyva.
   808 | D        | Reached skill level 10 in Armour
   826 | D        | Reached ****** piety under Trog
   826 | D        | Received a gift from Trog
   914 | D        | Noticed a two-headed ogre
   924 | D        | Killed a two-headed ogre
  1092 | D        | Noticed a two-headed ogre
  1092 | D        | Noticed Erolcha
  1094 | D        | Killed Erolcha
  1094 | D        | Received a gift from Trog
  1094 | D        | Reached skill level 15 in Axes
  1094 | D        | Reached skill level 10 in Dodging
  1094 | D        | Reached XP level 9. HP: 90/90 MP: 2/8
  1097 | D        | Killed a two-headed ogre
  1162 | D        | Found Tuliluic's Magic Scroll Boutique.
  1163 | D        | Noticed an orc high priest
  1168 | D        | Killed an orc high priest
  1169 | D        | Received a gift from Trog
  1191 | D        | Received a gift from Trog
  1262 | D        | Bought a scroll of identify for 26 gold pieces
  1681 | D        | Received a gift from Trog
  1750 | D        | Reached XP level 10. HP: 78/100 MP: 3/9
  1870 | D        | Received a gift from Trog
  1883 | D        | Received a gift from Trog
  1984 | D        | Received a gift from Trog
  2374 | D        | Noticed a spiny frog
  2374 | D        | Noticed a spiny frog
  2379 | D        | Killed a spiny frog
  2382 | D        | Killed a spiny frog
  2382 | D        | Received a gift from Trog
  2665 | D        | Reached XP level 11. HP: 75/111 MP: 3/10
  2793 | D        | Noticed Rupert
  2805 | D        | Paralysed by Rupert for 3 turns
  2808 | D        | Noticed an azure jelly
  2808 | D        | Noticed an azure jelly
  2808 | D        | Noticed an azure jelly
  2808 | D        | Noticed an azure jelly
  2818 | D        | Killed Rupert
  2818 | D        | Received a gift from Trog
  3041 | D        | Noticed a dire elephant
  3041 | D        | Noticed a dire elephant
  3041 | D        | Noticed Gastronok
  3075 | D        | Killed a dire elephant
  3075 | D        | Reached skill level 15 in Fighting
  3075 | D        | Reached skill level 15 in Armour
  3075 | D        | Killed a dire elephant
  3422 | D        | Killed Gastronok
  3422 | D        | Received a gift from Trog
  3422 | D        | Received a gift from Trog
  3475 | D        | Noticed a death yak
  3488 | D        | Killed a death yak
  3547 | D        | Noticed a death yak
  3548 | D        | Noticed a death yak
  3554 | D        | Noticed a death yak
  3563 | D        | Killed a death yak
  3566 | D        | Killed a death yak
  3700 | D        | Reached XP level 12. HP: 94/122 MP: 3/11
  3977 | D        | Received a gift from Trog
  3988 | D        | Killed a death yak
  3988 | D        | Reached skill level 15 in Dodging
  4091 | D        | Noticed an anaconda
  4098 | D        | Killed an anaconda
  4098 | D        | Received a gift from Trog
  4328 | D        | Noticed an anaconda
  4328 | D        | Noticed an anaconda
  4334 | D        | Killed an anaconda
  4337 | D        | Killed an anaconda
  4471 | D        | Noticed an anaconda
  4472 | D        | Noticed an anaconda
  4479 | D        | Killed an anaconda
  4481 | D        | Received a gift from Trog
  4483 | D        | Killed an anaconda
  4814 | D        | Noticed a nagaraja
  4814 | D        | Noticed a naga warrior
  4821 | D        | Killed a nagaraja
  4823 | D        | Received a gift from Trog
  4831 | D        | Killed a naga warrior
  4997 | D        | Found Kovvell's Antique Armour Boutique.
  4997 | D        | Found Zasyod's Jewellery Emporium.
  4999 | D        | Found Yczir's Magic Scroll Shop.
  5015 | D        | Got a serpentine rune of Zot
  5029 | D        | Bought a pair of faintly glowing boots for 247 gold pieces
  5035 | D        | Identified the +0 pair of boots "Zehown" {Regen+ Str-3 Dex+8} (You bought it in a shop in the Dungeon)
  5035 | D        | Bought the amulet of the Greedy {Faith rPois rF+ Dex-2} for 702 gold pieces
  5127 | D        | Received a gift from Trog
  5159 | D        | Noticed Urug
  5165 | D        | Killed Urug
  5204 | D        | Noticed a seven-headed hydra
  5204 | D        | Noticed a five-headed hydra
  5205 | D        | Received a gift from Trog
  5215 | D        | Killed a ten-headed hydra
  5215 | D        | Reached XP level 13. HP: 120/134 MP: 4/12
  5225 | D        | Got a faintly glowing battleaxe {god gift}
  5227 | D        | Identified the +12 battleaxe "Fotsur" {chop, Str+4} (Trog gifted it to you in the Dungeon)
  5452 | D        | Found a blossoming altar of Fedhas.
  5461 | D        | Received a gift from Trog
  5491 | D        | Noticed a kraken
  5501 | D        | Killed a kraken
  5577 | D        | Received a gift from Trog
  5747 | D        | Found Mehesin's Antique Weapon Emporium.
  5747 | D        | Found Riegug's Jewellery Shop.
  5747 | D        | Found Ceng's Magic Scroll Boutique.
  5756 | D        | Bought an uncursed ring of ice for 325 gold pieces
  5757 | D        | Got a barnacled rune of Zot
  5799 | D        | Received a gift from Trog
  5946 | D        | Noticed Duvessa
  5947 | D        | Noticed Dowan
  5955 | D        | Killed Dowan
  5960 | D        | Killed Duvessa
  5960 | D        | Received a gift from Trog
  6487 | D        | Received a gift from Trog
  6499 | D        | Found Wirgh's Antique Armour Emporium.
  6499 | D        | Found Vahez's Food Shop.
  6499 | D        | Found Fisyulin's Antique Weapon Boutique.
  6499 | D        | Found Ykixyh Syid's Magic Scroll Shoppe.
  6499 | D        | Found Rosa's Book Boutique.
  6499 | D        | Found Xaof's General Store.
  6499 | D        | Found Uteiph's Jewellery Shoppe.
  6499 | D        | Found Mosehy's Distillery.
  6499 | D        | Found Etisereg's Book Shop.
  6499 | D        | Found Waass's Gadget Emporium.
  6499 | D        | Found Foixor's Gadget Emporium.
  6499 | D        | Found Line Fum's Antique Armour Boutique.
  6532 | D        | Bought a wand of digging (12) for 320 gold pieces
  6535 | D        | Bought the amulet of the Four Winds {rN+ MR+++ Clar} for 614 gold pieces
  6535 | D        | Found the amulet of the Four Winds {rN+ MR+++ Clar}
  6540 | D        | Bought a warped plate armour for 448 gold pieces
  6540 | D        | Bought a pair of embroidered gloves for 120 gold pieces
  6544 | D        | Bought a scroll of fog for 28 gold pieces
  6547 | D        | Bought an embroidered scarf for 184 gold pieces
  6606 | D        | Identified the cursed +1 plate armour of Magic {+Blink rPois rC+ MP-9} (You bought it in a shop in the Dungeon)
  6707 | D        | Bought an uncursed ring of protection from fire for 325 gold pieces
  6812 | D        | Received a gift from Trog
  6829 | D        | Got a crystal battleaxe {god gift}
  6830 | D        | Identified the +4 battleaxe of Currency {drain, +Blink MR+++ Str+3 Dex-5} (Trog gifted it to you in the Dungeon)
  6846 | D        | Noticed a mummy priest
  6856 | D        | Killed a mummy priest
  6860 | D        | Found Gatuacki's Food Shoppe.
  6860 | D        | Found Ahupus's Gadget Shop.
  6860 | D        | Found Ymaulu Iroann's Distillery.
  6860 | D        | Found Myulan's Armour Emporium.
  6914 | D        | Received a gift from Trog
  6975 | D        | Found Hozevi Ehui's Gadget Boutique.
  7078 | D        | Noticed Nikola
  7078 | D        | Noticed a storm dragon
  7086 | D        | Killed a storm dragon
  7122 | D        | Killed Nikola
  7122 | D        | Reached XP level 14. HP: 92/145 MP: 4/13
  7286 | D        | Received a gift from Trog
  7457 | D        | Got a faintly glowing tin ring
  7460 | D        | Identified the ring of Leasheb {EV+4 Int+4 SInv} (You found it in the Dungeon)
  7495 | D        | Received a gift from Trog
  7498 | D        | Got a slimy battleaxe {god gift}
  7499 | D        | Identified the +4 battleaxe of Altruism {speed, rC+ Str+2 Stlth+} (Trog gifted it to you in the Dungeon)
  7564 | D        | Received a gift from Trog
  7830 | D        | Bought an uncursed ring of flight for 227 gold pieces
  7963 | D        | Noticed Chuck
  7979 | D        | Killed Chuck
  7979 | D        | Reached skill level 27 in Axes
  7986 | D        | Got a shimmering hand crossbow
  7994 | D        | Identified the Tome of Virous Flight
  8010 | D        | Noticed Frederick
  8028 | D        | Killed Frederick
  8032 | D        | Received a gift from Trog
  8125 | D        | Noticed a lich
  8132 | D        | Killed a lich
  8207 | D        | Received a gift from Trog
  8208 | D        | Noticed a shadow dragon
  8211 | D        | Killed a shadow dragon
  8212 | D        | Noticed a shadow dragon
  8217 | D        | Killed a shadow dragon
  8278 | D        | Noticed a quicksilver dragon
  8331 | D        | Received a gift from Trog
  8387 | D        | Noticed a fire giant
  8407 | D        | Killed a fire giant
  8414 | D        | Got an ichor-stained ring mail
  8431 | D        | Killed a quicksilver dragon
  8431 | D        | Received a gift from Trog
  8431 | D        | Reached XP level 15. HP: 151/159 MP: 5/14
  8471 | D        | Noticed a golden dragon
  8477 | D        | Killed a golden dragon
  8551 | D        | Received a gift from Trog
  8630 | D        | Noticed a golden dragon
  8637 | D        | Killed a golden dragon
  8641 | D        | Noticed a golden dragon
  8647 | D        | Noticed a shadow dragon
  8650 | D        | Killed a golden dragon
  8660 | D        | Killed a shadow dragon
  8692 | D        | Received a gift from Trog
  8747 | D        | Noticed a shadow dragon
  8753 | D        | Killed a shadow dragon
  8766 | D        | Received a gift from Trog
  8774 | D        | Got a silver rune of Zot
  8783 | D        | Identified the +8 hand crossbow "Qehak" {freeze, rC+ Str+7 Dex-3} (You found it in the Dungeon)
  8785 | D        | Identified the +5 ring mail of Zin's Whim {rC+ MR+ Int+4 Dex-5} (You took it off a vault guard in the Dungeon)
  8954 | D        | Got an ancient battleaxe {god gift}
  9152 | D        | Received a gift from Trog
  9185 | D        | Noticed a deep elf master archer
  9327 | D        | Received a gift from Trog
  9338 | D        | Killed a deep elf master archer
  9345 | D        | Received a gift from Trog
  9347 | D        | Got a flickering steel ring
  9375 | D        | Got a glittering glass ring
  9375 | D        | Got a twitching tin ring
  9377 | D        | Got a pair of pitted boots
  9388 | D        | Identified the ring of the Sneaky Songs {rF+ Int+9} (You took it off a deep elf annihilator in the Dungeon)
  9390 | D        | Identified the ring "Bytyacw" {+Fly rN+ Slay+3} (You found it in the Dungeon)
  9414 | D        | Identified the -2 pair of boots of Jiavad {rC- Str+3 Dex+2} (You found it in the Dungeon)
  9532 | D        | Identified the +9 battleaxe of Defenestration {flame, rN+ Str+4} (Trog gifted it to you in the Dungeon)
  9537 | D        | Bought a scroll of remove curse for 33 gold pieces
  9546 | D        | Bought a scroll of identify for 28 gold pieces
  9552 | D        | Identified the ring "Zimebus" {rC+ Slay+5} (You found it in the Dungeon)
  9715 | D        | Noticed Mara
  9727 | D        | Killed Mara
  9727 | D        | Reached XP level 16. HP: 177/177 MP: 6/15
  9750 | D        | Noticed an ancient champion
  9756 | D        | Killed an ancient champion
  9756 | D        | Received a gift from Trog
  9830 | D        | Noticed Roxanne
  9855 | D        | Killed Roxanne
  9959 | D        | Noticed Mennas
  9983 | D        | Killed Mennas
  9983 | D        | Received a gift from Trog
  9983 | D        | Reached skill level 27 in Fighting
  9983 | D        | Reached skill level 27 in Armour
  9989 | D        | Noticed Boris
 10005 | D        | Killed Boris
 10005 | D        | Received a gift from Trog
 10034 | D        | Reached skill level 27 in Dodging
 10034 | D        | Reached skill level 1 in Evocations
 10065 | D        | Received a gift from Trog
 10082 | D        | Reached skill level 5 in Evocations
 10148 | D        | Received a gift from Trog
 10249 | D        | Noticed an Executioner
 10255 | D        | Killed an Executioner
 10255 | D        | Reached skill level 10 in Evocations
 10267 | D        | Noticed Nessos
 10279 | D        | Killed Nessos
 10279 | D        | Received a gift from Trog
 10316 | D        | Received a gift from Trog
 10334 | D        | Noticed a deep elf blademaster
 10334 | D        | Noticed a deep elf blademaster
 10334 | D        | Noticed a deep elf blademaster
 10343 | D        | Killed a deep elf blademaster
 10347 | D        | Killed a deep elf blademaster
 10353 | D        | Killed a deep elf blademaster
 10395 | D        | Noticed a Killer Klown
 10407 | D        | Killed a Killer Klown
 10407 | D        | Reached skill level 15 in Evocations
 10413 | D        | Noticed an Orb Guardian
 10417 | D        | Killed an Orb Guardian
 10424 | D        | Noticed an Orb Guardian
 10425 | D        | Received a gift from Trog
 10429 | D        | Killed an Orb Guardian
 10429 | D        | Reached XP level 17. HP: 140/188 MP: 19/28
 10494 | D        | Noticed an ancient lich
 10505 | D        | Killed an ancient lich
 10752 | D        | Received a gift from Trog
 10758 | D        | Got an ichor-stained battleaxe {god gift}
 10761 | D        | Noticed an ancient lich
 10780 | D        | Killed an ancient lich
 10792 | D        | Received a gift from Trog
 10798 | D        | Got a scintillating jade ring
 10914 | D        | Bought a scroll of identify for 28 gold pieces
 10914 | D        | Bought a scroll of identify for 28 gold pieces
 10915 | D        | Identified the ring of Zick {AC+5 Dex+2 SInv} (You found it in the Dungeon)
 10982 | D        | Bought a scroll of identify for 26 gold pieces
 11097 | D        | Bought a scroll of identify for 22 gold pieces
 11097 | D        | Bought a scroll of identify for 22 gold pieces
 11097 | D        | Bought a scroll of identify for 22 gold pieces
 11097 | D        | Bought a scroll of identify for 22 gold pieces
 11097 | D        | Bought 2 scrolls of identify for 44 gold pieces
 11289 | D        | Received a gift from Trog
 11581 | D        | Identified the +4 battleaxe of the Horn {flame, rElec Dex-5 Stlth+} (Trog gifted it to you in the Dungeon)
 11615 | D        | Received a gift from Trog
 12349 | D        | Received a gift from Trog
 12674 | D        | Noticed a greater mummy
 12674 | D        | Noticed a greater mummy
 12675 | D        | Found the +7 Kryia's mail coat {PotionHeal*2 rC+}
 12684 | D        | Killed a greater mummy
 12696 | D        | Killed a greater mummy
 12696 | D        | Received a gift from Trog
 12811 | D        | Got a golden rune of Zot
 12856 | D        | Got a distressingly furry chain mail
 12857 | D        | Identified the +11 chain mail of Kaoxt {rPois rF+ MR++ Regen+ Dex-4} (You took it off a mummy priest in the Dungeon)
 13014 | D        | Received a gift from Trog
 13185 | D        | Received a gift from Trog
 13248 | D        | Noticed Geryon
 13259 | D        | Killed Geryon
 13308 | D        | Received a gift from Trog
 13406 | D        | Noticed the Serpent of Hell
 13411 | D        | Noticed a Brimstone Fiend
 13427 | D        | Killed a Brimstone Fiend
 13427 | D        | Reached skill level 27 in Evocations
 13427 | D        | Reached skill level 5 in Stealth
 13428 | D        | Killed the Serpent of Hell
 13428 | D        | Reached XP level 18. HP: 133/194 MP: 34/34
 13741 | D        | Got a shimmering chain mail
 13753 | D        | Got an obsidian rune of Zot
 13756 | D        | Got a crude broad axe
 13844 | D        | Bought a potion of mutation for 80 gold pieces
 13844 | D        | Bought a potion of resistance for 100 gold pieces
 13844 | D        | Bought a potion of might for 40 gold pieces
 13883 | D        | Found the +0 pair of fencer's gloves {+Riposte Dex+3}
 13916 | D        | Identified the +10 chain mail of the Scribe {Int+3} (You found it in the Dungeon)
 13945 | D        | Got a pair of ichor-stained boots
 13956 | D        | Identified the +1 pair of boots of the Mind {Dex+5 Stlth-} (You acquired it in the Dungeon)
 13957 | D        | Got a pair of faintly humming gloves
 13968 | D        | Identified the +0 pair of gloves of the Hot Ocelot {Str+4 Int+4 Dex+4} (You acquired it in the Dungeon)
 13994 | D        | Got a clouded iron ring
 13995 | D        | Identified the ring "Senuc" {rPois Dex+10 Slay+2} (You acquired it in the Dungeon)
 13996 | D        | Identified the +11 broad axe of Emeciyli {antimagic, +Rage rF+} (You found it in the Dungeon)
 14096 | D        | Bought a scroll of blinking for 97 gold pieces
 14155 | D        | Bought a potion of might for 44 gold pieces
 14155 | D        | Bought a potion of resistance for 110 gold pieces
 14155 | D        | Bought a potion of curing for 33 gold pieces
 14318 | D        | Noticed Tiamat
 14324 | D        | Received a gift from Trog
 14355 | D        | Killed Tiamat
 14507 | D        | Noticed an orb of fire
 14515 | D        | Gained mutation: Scrolls take you a little longer to read. [an orb of fire]
 14521 | D        | Killed an orb of fire
 14551 | D        | Gained mutation: You are weak. (Str -2) [mutagenic glow]
 14555 | D        | Noticed an Orb Guardian
 14562 | D        | Gained mutation: You are frail. (-10% HP) [a zot statue]
 14564 | D        | Noticed an Orb Guardian
 14582 | D        | Got the Orb of Zot
 14600 | D        | Gained mutation: Your spells are a little easier to cast, but a little less powerful. [mutagenic glow]
 14624 | D        | Gained mutation: You tend to lose your temper in combat. [mutagenic glow]
 14626 | D        | Noticed Errukyal the pandemonium lord
 14638 | D        | Killed Errukyal the pandemonium lord
 14681 | D        | Gained mutation: You occasionally shout uncontrollably at your foes. [mutagenic glow]
 14682 | D        | Noticed a Hell Sentinel
 14689 | D        | Killed a Hell Sentinel
 14689 | D        | Received a gift from Trog
 14694 | D        | Killed Coenkyo the pandemonium lord
 14736 | D        | Gained mutation: You are partially covered in thin metallic scales. (AC +2) [mutagenic glow]
 14773 | D        | Gained mutation: You expend magic power (3 MP) to strengthen your wands. [mutagenic glow]
 14806 | D        | Noticed Plog the pandemonium lord
 14812 | D        | Noticed a Brimstone Fiend
 14817 | D        | Killed Plog the pandemonium lord
 14825 | D        | Killed a Brimstone Fiend
 14830 | D        | Gained mutation: You are clumsy. (Dex -2) [mutagenic glow]
 14848 | D        | Gained mutation: You are very frail. (-20% HP) [mutagenic glow]
 14855 | D        | Noticed Josilaxe the pandemonium lord
 14857 | D        | Noticed a lich
 14861 | D        | Killed a lich
 14862 | D        | Noticed a Tzitzimitl
 14870 | D        | Escaped with the Orb!

Skill      XL: |  1  2  3  4  5  6  7  8  9 10 11 12 13 14 15 16 17 18 |
---------------+-------------------------------------------------------+-----
Fighting       | 4 5 6 9 10 11 12 14 16 17 19 22 26 27 | 27.0
Axes           | 5 7 8 11 13 15 16 19 21 23 26 27 | 27.0
Armour         | 3 4 5 8 9 11 12 14 15 17 19 22 26 27 | 27.0
Dodging        | 3 4 5 7 9 10 11 13 14 16 18 21 24 27 | 27.0
Evocations     | 17 27 | 27.0
Stealth        | 11 21 | 21.3

Action                   |  1- 3 |  4- 6 |  7- 9 | 10-12 | 13-15 | 16-18 || total
-------------------------+-------+-------+-------+-------+-------+-------++-------
Melee: Hand axe          |    17 |    13 |    41 |       |       |       ||    71
       Headbutt          |     2 |     3 |    21 |    51 |   124 |   166 ||   367
       Battleaxe         |       |       |    33 |       |   407 |   376 ||   816
       Executioner's axe |       |       |    15 |   212 |     8 |       ||   235
       Broad axe         |       |       |       |       |       |   106 ||   106
Throw: Throwing net      |       |       |       |       |       |     5 ||     5
Invok: Berserk           |     1 |     1 |     1 |     3 |     4 |     5 ||    15
       Burn Spellbooks   |       |       |     2 |       |     3 |     4 ||     9
       Brothers in Arms  |       |       |     1 |     2 |     4 |     9 ||    16
       Trog's Hand       |       |       |       |       |     1 |     6 ||     7
 Abil: Evoke Flight      |       |       |       |       |     5 |     4 ||     9
Evoke: Wand              |       |       |       |       |       |     2 ||     2
  Use: Scroll            |       |       |       |       |    10 |    11 ||    21
       Potion            |       |       |       |       |       |     1 ||     1
 Stab: Distracted        |       |       |       |     1 |       |     2 ||     3
  Eat: Chunk             |       |     1 |     4 |     6 |    10 |     5 ||    26
       Ration            |       |       |       |     3 |     3 |     7 ||    13
Armor: Animal skin       |     4 |       |     2 |       |       |       ||     6
       Chain mail        |       |       |     7 |    98 |    29 |    72 ||   206
       Plate armour      |       |       |       |       |    80 |    76 ||   156
       Gold dragon scale |       |       |       |       |       |     2 ||     2
Dodge: Dodged            |     4 |     2 |    65 |   153 |   233 |   382 ||   839
       Deflected         |       |       |       |       |    22 |    22 ||    44
       Rpst.: Broad axe  |       |       |       |       |       |    18 ||    18
